 Dungeon Crawl Stone Soup version 0.26-a0-712-ga5a9c9c9d0 (webtiles) character file.

Game seed: 5641607519241604081

6693 dickylongcocking the Jinx (level 10, 0/49 HPs)
             Began as a Felid Delver on Nov 2, 2020.
             Was an Elder of Dithmenos.
             Shot with an arrow by Nessos (8 damage)
             ... on level 12 of the Dungeon.
             The game lasted 00:20:33 (14774 turns).

dickylongcocking the Jinx (Felid Delver)           Turns: 14774, Time: 00:20:33

Health: 0/49       AC:  2    Str:  8    XL:     10   Next: 74%
Magic:  2/11       EV: 24    Int: 17    God:    Dithmenos [****..]
Gold:   854        SH:  9    Dex: 18    Spells: 4/9 levels left
                                        Lives:  0   Deaths: 3

rFire    . . .     SeeInvis +     - Unarmed
rCold    . . .     Faith    .   (shield unavailable)
rNeg     . . .     Spirit   .   (armour unavailable)
rPois    .         Reflect  +   (helmet unavailable)
rElec    .         Harm     .   (cloak unavailable)
rCorr    .         Rampage  .   (gloves unavailable)
MR       +....                  (boots unavailable)
Stlth    ++++++++++             n - amulet of reflection
HPRegen  0.16/turn              k - ring of stealth
MPRegen  0.12/turn              o - ring of stealth

@: marked, wreathed by umbra, quick
A: very small, no armour, no weapons or thrown items, stealth, claws 1, fangs 3,
large bone plates 1, see invisible, clever 1, speed 1, shaggy fur 2, evolution
1, sharp paws
a: Shadow Step, Renounce Religion


You were on level 12 of the Dungeon.
You worshipped Dithmenos.
Dithmenos was greatly pleased with you.
You visited 2 branches of the dungeon, and saw 13 of its levels.

You collected 854 gold pieces.

Inventory:

Jewellery
 g - a +6 ring of strength
 k - a ring of stealth (left paw)
 n - an amulet of reflection (around neck)
 o - a ring of stealth (right paw)
 p - an uncursed amulet of guardian spirit {unknown}
 w - an uncursed ring of wizardry
Wands
 e - a wand of digging (5)
 f - a wand of paralysis (30)
 r - a wand of random effects (43)
 t - a wand of acid (16)
 z - a wand of polymorph (19)
 A - a wand of flame (42)
 C - a wand of disintegration (9)
 D - a wand of iceblast (5)
Scrolls
 a - 3 scrolls of fog
 j - a scroll of holy word {unknown}
 m - 9 scrolls of remove curse
 s - 3 scrolls of immolation
 u - 4 scrolls of amnesia {unknown}
 v - 5 scrolls of teleportation
 x - 6 scrolls of magic mapping
 y - 5 scrolls of identify
 E - a scroll of torment {unknown}
 F - 2 scrolls of enchant armour {unknown}
 G - a scroll of brand weapon {unknown}
Potions
 b - a potion of haste
 c - 3 potions of degeneration
 d - 3 potions of flight
 h - a potion of might
 i - a potion of curing
 l - 2 potions of magic
 q - 2 potions of brilliance
 B - 2 potions of lignification {unknown}


   Skills:
 * Level 9.1 Fighting
 - Level 8.5 Dodging
 - Level 11.1 Stealth
 * Level 11.0 Unarmed Combat
 - Level 11.5 Hexes
 - Level 7.5 Evocations


You had 4 spell levels left.
You knew the following spells:

 Your Spells              Type           Power        Failure   Level
a - Ensorcelled Hibernat  Hex/Ice        ###...       3%          2
b - Tukima's Dance        Hex            #####...     1%          3

Your spell library contained the following spells:

 Spells                   Type           Power        Failure   Level
 Corona                   Hex            #####..      1%          1
 Confusing Touch          Hex            #####...     1%          3
 Dazzling Flash           Conj/Hex       ###...       7%          3
 Animate Skeleton         Necr           #.....       24%         1
 Apportation              Tloc           #.....       24%         1
 Pain                     Necr           #...         24%         1
 Lesser Beckoning         Tloc           #.........   56%         3
 Vampiric Draining        Necr           #.........   56%         3
 Animate Dead             Necr           #.........   93%         4
 Ice Form                 Ice/Tmut       #.......     93%         4
 Invisibility             Hex            #####...     32%         6
 Metabolic Englaciation   Hex/Ice        ###.......   52%         5
 Agony                    Necr           #.......     100%        5
 Alistair's Intoxication  Tmut/Pois      #........    100%        5
 Freezing Cloud           Conj/Ice/Air   #.........   100%        6
 Ozocubu's Refrigeration  Ice            #.........   100%        6
 Simulacrum               Ice/Necr       #.........   100%        6


Dungeon Overview and Level Annotations

Branches:
Dungeon (12/15)            Temple (1/1) D:6            Lair (0/6) D:8
    Orc (0/2) D:11

Altars:
Cheibriados
Dithmenos
Gozag
Okawaru
Qazlal
Ru
Sif Muna
Uskayaw
Yredelemnul
Zin
The Shining One

Annotations:
D:12 Nessos


Innate Abilities, Weirdness & Mutations

You cannot wear armour.
You are incapable of wielding weapons or throwing items.
Your paws allow you to move quietly. (Stealth)
You have sharp claws.
You have razor-sharp teeth.
You have supernaturally acute eyesight. (SInv)
You cover ground quickly.
You are covered in thick fur. (AC +2)
Your sharp claws are effective at attacking unaware monsters.
You are partially covered in large bone plates. (SH +4)
Your mind is acute. (Int +2)
You evolve.


Message History

Okay, then.
You feel better.
Unknown command.
As you read the scroll of fog, it crumbles to dust.
The scroll dissolves into smoke.
Nessos casts a spell.
Nessos seems to speed up.
Unknown command.
Nessos shoots an arrow.
The arrow closely misses you.
You see here an arrow.
Nessos shoots an arrow.
The arrow completely misses you.
Nessos shoots an arrow.
You reflect the arrow off an invisible shield around you!
The arrow hits Nessos!!
The arrow burns Nessos.
Nessos looks as sick as possible!
Nessos shoots an arrow.
The arrow hits you!!
Ouch! That really hurt!
* * * LOW HITPOINT WARNING * * *
You emit a cloud of dark smoke.
The arrow burns you!
You die...

#####.#..# #§#
#.##.# #§# # #.##.#
#§# # #.##.###§# ##
## #.##...#§# ##..#
#.####.#c#
.##.#####.####.#§#
..#..........#.§§#
#.)###........#§@###
.#..[..........§§..#
>####...........(..#
.)..#.)......(.....#
###.#..............#
#................#
####........######
#..........#
#..........#


There were no monsters in sight!

Vanquished Creatures
  Fannar (D:9)
  Josephine (D:10)
  Erolcha (D:10)
  A hydra (D:9)
  A boulder beetle (D:6)
  Harold (D:9)
  A two-headed ogre (D:12)
  Erica (D:9)
  An unseen horror (D:11)
  Maggie (D:9)
  A gargoyle (D:6)
  An efreet (D:10)
  A komodo dragon (D:8)
  A troll (D:11)
  A hornet (D:7)
  2 dream sheep (D:9)
  A dancing weapon (D:10)
  Sigmund (D:5)
  A shadow (D:11)
  5 wraiths
  2 wyverns (D:9)
  A warg (D:7)
  2 water moccasins (D:8)
  10 orc warriors
  A black bear (D:8)
  4 sky beasts
  2 necrophages (D:11)
  3 ogres
  A phantom (D:6)
  7 centaurs
  3 big kobolds (D:9)
  5 bullfrogs
  A gnoll sergeant (D:9)
  A water moccasin zombie (D:8)
  4 scorpions
  6 killer bees (D:12)
  9 wights
  3 howler monkeys
  A bullfrog zombie (D:12)
  A centaur zombie (D:7)
  A quasit (D:11)
  A jelly (D:9)
  A bullfrog skeleton (D:12)
  3 hounds
  6 orc priests
  15 orc wizards
  Crazy Yiuf (D:5)
  3 centaur skeletons
  3 iguanas
  11 worker ants
  2 hound skeletons
  A worker ant zombie (D:7)
  2 howler monkey zombies
  5 gnolls (D:9)
  13 adders
  A shadow imp (D:5)
  2 white imps
  4 ufetubi
  2 adder skeletons (D:4)
  2 dart slugs
  5 leopard geckos
  41 orcs
  7 giant cockroaches
  4 hobgoblins
  12 jackals
  A quokka (D:3)
  3 ball pythons
  5 frilled lizards
  A gnoll zombie (D:3)
  9 goblins
  A jackal skeleton (D:4)
  A jackal zombie (D:6)
  6 kobolds
  5 rats (D:1)
272 creatures vanquished.

Vanquished Creatures (collateral kills)
  An orc warrior (D:7)
  An orc wizard (D:11)
  2 orcs
4 creatures vanquished.

Vanquished Creatures (others)
  A bullfrog (D:10)
  2 plants (D:8)
3 creatures vanquished.

Grand Total: 279 creatures vanquished

Notes
Turn   | Place    | Note
-------+----------+-------------------------------------------
     0 | D:5      | dickylongcocking the Felid Delver began the quest for the
                  | Orb.
     0 | D:5      | Reached XP level 1. HP: 10/10 MP: 2/2
    24 | D:5      | Found a shadowy altar of Dithmenos.
    33 | D:5      | Became a worshipper of Dithmenos the Shadowed
    58 | D:5      | Noticed a worker ant
   176 | D:3      | Reached XP level 2. HP: 9/14 MP: 3/3
   491 | D:3      | Found a basalt altar of Yredelemnul.
   842 | D:2      | Found a snail-covered altar of Cheibriados.
  1310 | D:1      | Reached XP level 3. HP: 17/17 MP: 4/4
  1931 | D:2      | Reached * piety under Dithmenos
  2597 | D:3      | Reached XP level 4. HP: 13/21 MP: 5/5
  3511 | D:4      | Reached XP level 5. HP: 22/24 MP: 6/6
  3628 | D:4      | Reached skill level 5 in Unarmed Combat
  4314 | D:5      | Noticed Sigmund
  4321 | D:5      | Killed Sigmund
  4321 | D:5      | Gained mutation: You are covered in thick fur. (AC +2)
                  | [Felid growth]
  4321 | D:5      | Reached XP level 6. HP: 28/28 MP: 7/7
  4338 | D:5      | Found an opulent altar of Gozag.
  4338 | D:5      | Found a glowing silver altar of Zin.
  4372 | D:5      | Reached ** piety under Dithmenos
  4678 | D:5      | Found a runed translucent door.
  4679 | D:5      | Noticed Crazy Yiuf
  4690 | D:5      | Killed Crazy Yiuf
  4731 | D:6      | Noticed a gargoyle
  4734 | D:6      | Killed a gargoyle
  4734 | D:6      | Reached XP level 7. HP: 31/31 MP: 8/8
  4877 | D:6      | Found a staircase to the Ecumenical Temple.
  5055 | D:6      | Reached XP level 8. HP: 34/34 MP: 9/9
  5191 | Temple   | Entered the Ecumenical Temple
  5326 | D:6      | Found a hide-covered altar of Uskayaw.
  5329 | D:6      | Noticed a +0 dagger
  5329 | D:6      | Noticed a +0 dagger
  5674 | D:6      | Hit by a boomerang thrown by an orc warrior
  5675 | D:6      | Reached XP level 7. HP: -8/31 MP: 8/8
  6059 | D:6      | Reached skill level 5 in Dodging
  6059 | D:6      | Reached skill level 10 in Stealth
  6226 | D:6      | Reached XP level 8. HP: 36/36 MP: 9/9
  6229 | D:6      | Noticed a boulder beetle
  6236 | D:6      | Killed a boulder beetle
  6236 | D:6      | Reached skill level 5 in Fighting
  6256 | D:6      | Reached *** piety under Dithmenos
  6601 | D:7      | Reached XP level 9. HP: 41/41 MP: 10/10
  7253 | D:7      | Noticed Joseph
  7258 | D:7      | Noticed Joseph
  7258 | D:7      | Joseph changed into Joseph the warg
  7264 | D:7      | Killed Joseph the warg
  8158 | D:8      | Learned a level 2 spell: Ensorcelled Hibernation
  8325 | D:8      | Reached skill level 1 in Hexes
  8352 | D:7      | Learned a level 3 spell: Tukima's Dance
  8868 | D:8      | Reached skill level 10 in Unarmed Combat
  8999 | D:8      | Reached XP level 10. HP: 47/47 MP: 11/11
  9263 | D:8      | Reached **** piety under Dithmenos
  9267 | D:8      | Reached skill level 5 in Hexes
  9369 | D:8      | Found a staircase to the Lair.
  9416 | D:8      | HP: 2/47 [komodo dragon (33)]
 10189 | D:9      | Noticed Erica
 10207 | D:9      | Noticed Harold
 10667 | D:9      | Reached skill level 1 in Evocations
 10695 | D:9      | Noticed Maggie
 10700 | D:9      | Killed Erica
 10918 | D:9      | Gained mutation: You tend to lose your temper in combat.
                  | [potion of mutation]
 10918 | D:9      | Gained mutation: You are partially covered in large bone
                  | plates. (SH +4) [potion of mutation]
 10918 | D:9      | Gained mutation: You evolve. [potion of mutation]
 10920 | D:9      | HP: 2/47 [Harold/+0 short sword (12)]
 10929 | D:9      | Killed from afar by Harold
 10930 | D:9      | Reached XP level 9. HP: -13/43 MP: 10/10
 11281 | D:9      | Noticed a three-headed hydra
 11285 | D:9      | Killed a three-headed hydra
 11285 | D:9      | Reached skill level 5 in Evocations
 11285 | D:9      | Reached XP level 10. HP: 41/47 MP: 2/11
 11615 | D:10     | Entered Level 10 of the Dungeon
 11615 | D:10     | Noticed Josephine
 11619 | D:10     | Killed Josephine
 11640 | D:9      | Reached skill level 10 in Hexes
 11892 | D:10     | Found an iron altar of Okawaru.
 11900 | D:10     | Noticed Fannar
 11931 | D:9      | Killed Harold
 12468 | D:9      | Killed Maggie
 12498 | D:9      | Killed Fannar
 12668 | D:10     | Lost mutation: You tend to lose your temper in combat.
                  | [evolution]
 12772 | D:10     | Noticed Erolcha
 12777 | D:10     | Killed Erolcha
 12777 | D:10     | Reached XP level 11. HP: 48/52 MP: 7/12
 13771 | D:11     | Noticed an unseen horror
 13773 | D:11     | Killed an unseen horror
 13932 | D:11     | Killed from afar by an orc priest
 13933 | D:11     | Reached XP level 10. HP: 0/49 MP: 4/11
 14101 | D:11     | Found a staircase to the Orcish Mines.
 14236 | D:11     | Found a shimmering blue altar of Sif Muna.
 14341 | D:11     | Gained mutation: Your mind is acute. (Int +2) [evolution]
 14717 | D:12     | Noticed a two-headed ogre
 14725 | D:12     | Killed a two-headed ogre
 14750 | D:12     | Noticed Nessos
 14774 | D:12     | Shot with an arrow by Nessos

Illustrated notes

Levels and vault maps discovered:
D:1:      psy_arrival_dodecagon, layout_loops_ring
D:2:      layout_loops_ring, kennysheep_slug_shrine
D:3:      layout_basic, lemuel_zombie_altar_yredelemnul,
          minmay_tree_intersection
D:4:      layout_gridville, kennysheep_generic_room_10
D:5:      layout_rooms, grunt_temple_overflow_gold_and_silver,
          nicolae_dithmenos_the_darkroom, uniq_crazy_yiuf_cottage, uniq_sigmund
D:6:      minmay_cornered_nines, layout_basic, dancing_weapons_uskayaw,
          temple_fountains, minmay_three_doors
D:7:      cheibrodos_fzero, layout_loops_ring, hex_tiny, uniq_joseph
D:8:      layout_rooms, david_lair_shrubbed
D:9:      layout_loops_ring, hangedman_ranch [blue_anna_fruit_fields],
          uniq_erica, uniq_harold, uniq_maggie
D:10:     kennysheep_big_flooded_room, layout_cave_pools,
          okawaru_ov_weapons_minmay, uniq_fannar, uniq_erolcha, uniq_josephine
D:11:     layout_loops_ring, david_orc_4, led_sif_book
D:12:     layout_rooms, uniq_kirke, uniq_nessos
Temple:   eino_temple_rhombus

Skill      XL: |  1  2  3  4  5  6  7  8  9 10 11 |
---------------+----------------------------------+-----
Unarmed Combat | 3 4 6 7 9 10 11 | 11.0
Stealth        | 7 8 9 10 11 | 11.1
Dodging        | 5 7 8 |  8.5
Fighting       | 4 5 7 9 |  9.1
Hexes          | 9 10 11 | 11.5
Evocations     | 5 6 7 |  7.5

Action                   |  1- 3 |  4- 6 |  7- 9 | 10-12 || total
-------------------------+-------+-------+-------+-------++-------
Melee: Unarmed           |    83 |    73 |   281 |   212 ||   649
       Bite              |     4 |    10 |    32 |    23 ||    69
       Punch             |       |     4 |    14 |     9 ||    27
 Cast: Ensorcelled Hiber |       |       |    11 |    67 ||    78
       Tukima's Dance    |       |       |     1 |    22 ||    23
Invok: Shadow Step       |       |       |     2 |     4 ||     6
Evoke: Wand              |     1 |     1 |    20 |    13 ||    35
  Use: Scroll            |     2 |       |     6 |     3 ||    11
       Potion            |       |       |    13 |    19 ||    32
 Stab: Sleeping          |    16 |    12 |    21 |    44 ||    93
       Distracted        |     1 |     2 |     2 |     5 ||    10
       Confused          |       |     1 |       |       ||     1
       Paralysed         |       |       |     1 |       ||     1
Armor: Skin              |     4 |     3 |     8 |     6 ||    21
Dodge: Dodged            |    69 |    42 |   226 |   144 ||   481
Block: Other             |       |    11 |    72 |    71 ||   154
       Reflection        |       |       |     5 |     1 ||     6

Table legend: (Time is in decaauts)
 A = Elapsed time spent in this place.
 B = Non-inter-level travel time spent in this place.
 C = Inter-level travel time spent in this place.
 D = Time resting spent in this place.
 E = Time spent auto-exploring this place.
 F = Levels seen in this place.
 G = Mean time per level.
                   A        B        C        D        E       F      G
               +--------+--------+--------+--------+--------+-----+--------+
         Total |  13202 |  12802 |    400 |   4122 |   6332 |  13 | 1015.5 |
       Dungeon |  13128 |  12728 |    400 |   4049 |   6332 |  12 | 1094.0 |
        Temple |     74 |     74 |      0 |     73 |      0 |   1 |   74.0 |
               +--------+--------+--------+--------+--------+-----+--------+

Top non-repeatable levels by time:
     D:6: 1941 daAuts
     D:8: 1724 daAuts
     D:7: 1672 daAuts
     D:3: 1358 daAuts
     D:9: 1343 daAuts
    D:10: 1185 daAuts
     D:2: 893 daAuts
     D:4: 879 daAuts
    D:11: 876 daAuts
     D:5: 574 daAuts
     D:1: 564 daAuts
    D:12: 114 daAuts
  Temple: 74 daAuts
